 Dungeon Crawl Stone Soup version 0.20.1-1-g8b1a95d (webtiles) character file.

848 letownia2 the Reanimator (level 7, -7/55 HPs)
             Began as a Deep Dwarf Necromancer on Dec 15, 2017.
             Mangled by a wraith (8 damage)
             ... in an ossuary.
             The game lasted 00:09:49 (2967 turns).

letownia2 the Reanimator (Deep Dwarf Necromancer)   Turns: 2967, Time: 00:09:51

Health: -7/55      AC:  5    Str: 12    XL:     7   Next: 69%
Magic:  14/15      EV: 12    Int: 17    God:
Gold:   113        SH:  0    Dex: 13    Spells: 9/16 levels left

rFire    . . .     SeeInvis .   e - +0 dagger
rCold    . . .     Gourm    +   (no shield)
rNeg     . . .     Faith    .   g - +0 leather armour
rPois    .         Spirit   .   (no helmet)
rElec    .         Reflect  .   q - +0 cloak
rCorr    +         Harm     .   (no gloves)
MR       +....                  y - +0 pair of boots
Stlth    ++........             A - amulet of the gourmand
Regen    0.0/turn               j - ring of flight
MPRegen  0.2/turn               z - ring of resist corrosion

@: non-regenerating, hasted and slowed
A: damage resistance, heal wounds, sense surroundings 1, no regeneration
a: Heal Wounds, Evoke Flight


You were in an ossuary.
You were very full.

You visited 2 branches of the dungeon, and saw 7 of its levels.
You also visited: Ossuary.

You collected 113 gold pieces.

Inventory:

Hand Weapons
 e - a +0 dagger (weapon)
 h - a +2 dagger of flaming
 F - a +2 shortbow of velocity
Missiles
 r - 17 bolts
 C - 2 curare-tipped needles
 G - 21 arrows
Armour
 g - a +0 leather armour (worn)
 k - a +0 shield of protection
 l - a cursed +0 scale mail
 q - a +0 cloak (worn)
 y - a +0 pair of boots (worn)
 H - a +0 ring mail
Jewellery
 j - a ring of flight (left hand)
 z - a ring of resist corrosion (right hand)
 A - an amulet of the gourmand (around neck)
Scrolls
 d - 3 scrolls of recharging {unknown}
 f - 7 scrolls of identify {unknown}
 o - a scroll of random uselessness {unknown}
 s - a scroll of amnesia {unknown}
 t - a scroll of immolation {unknown}
 w - 3 scrolls of enchant weapon {unknown}
 B - a scroll of silence {unknown}
Potions
 i - 2 potions of curing {unknown}
 n - a potion of cancellation {unknown}
 p - a potion of heal wounds {unknown}
 u - 2 potions of magic
 v - 2 potions of haste
 E - a potion of agility {unknown}
Books
 b - a book of Necromancy

   Spells                             Type                      Level
   a - Pain                           Necromancy                   1
   b - Animate Skeleton               Necromancy                   1
   c - Vampiric Draining              Necromancy                   3
   d - Regeneration                   Charms/Necromancy            3
   e - Animate Dead                   Necromancy                   4
   f - Control Undead                 Necromancy                   4
 I - a book of Minor Magic

   Spells                             Type                      Level
   a - Magic Dart                     Conjuration                  1
   b - Blink                          Translocation                2
   c - Call Imp                       Summoning                    2
   d - Slow                           Hexes                        2
   e - Conjure Flame                  Conjuration/Fire             3
   f - Mephitic Cloud                 Conjuration/Poison/Air       3
Comestibles
 c - 7 bread rations
 x - a meat ration
 D - 2 royal jellies


   Skills:
 - Level 2.1 Dodging
 - Level 2.4 Stealth
 - Level 5.3 Spellcasting
 + Level 0.0 Conjurations
 - Level 8.1 Necromancy
 + Level 0.1 Fire Magic


You had 9 spell levels left.
You knew the following spells:

 Your Spells              Type           Power        Failure   Level  Hunger
a - Pain                  Necr           ####         1%          1    None
c - Conjure Flame         Conj/Fire      #.......     45%         3    ##.....
v - Vampiric Draining     Necr           ####......   1%          3    ##.....


Dungeon Overview and Level Annotations

Branches:
Dungeon (6/15)             Temple (1/1) D:6

Altars:
Ashenzari
Cheibriados
Dithmenos
Elyvilon
Hepliaklqana
Kikubaaqudgha
Makhleb
Okawaru
Qazlal
Sif Muna
Trog
Vehumet
Xom
Yredelemnul
Zin

Shops:
D:6 ?

Annotations:
D:2 Sigmund


Innate Abilities, Weirdness & Mutations

You are resistant to damage.
You can heal yourself by infusing magical energy.
You passively map a small area around you.
You do not regenerate.


Message History

The wraith is moderately damaged.
The wraith hits you.
* * * LOW HITPOINT WARNING * * *
Your magical contamination has completely faded away.
You hit the wraith but do no damage.
The wraith is moderately damaged.
The wraith hits you.
* * * LOW HITPOINT WARNING * * *
You hit the wraith.
The wraith is moderately damaged.
Your extra speed is starting to run out.
The wraith hits you!
* * * LOW HITPOINT WARNING * * *
The wraith drains your vigour!
You feel as though you will be slow longer.
Unknown command.
You completely miss the wraith.
The wraith is moderately damaged.
The wraith hits you!
You die...

......................
......................
##......###......###
+...8.^.#,#...8...+
###......#+#......##
..........#.#........
.....................
####.####.....####.##
+..#!'...8((W@.# , ,
##.####.....####.###
,,....................
, ........#^#.........
, ##......#+#......###
+...8...# #...8...+
##......#*#......##
.........,.........
......... ..........


You could see a wraith.

Vanquished Creatures
  A water moccasin (D:5)
  An ice beast (D:5)
  A centaur (D:6)
  A bullfrog (D:6)
  A scorpion (D:4)
  A howler monkey (Temple)
  A jelly (D:4)
  A hound (D:6)
  2 orc wizards
  An orc priest (D:6)
  A centaur skeleton (D:5)
  Jessica (D:2)
  2 iguanas
  3 worker ants
  A hound zombie (D:5)
  A hound skeleton (D:4)
  3 adders
  2 adder skeletons
  A worm (D:4)
  2 leopard geckos
  5 orcs
  2 giant cockroaches
  4 jackals (D:4)
  A frilled lizard (D:4)
  3 goblins (D:2)
  5 goblin zombies (Ossuary)
  2 hobgoblin zombies (Ossuary)
  A kobold zombie (Ossuary)
  A leopard gecko skeleton (D:5)
  A quokka zombie (D:6)
  A rat (D:2)
54 creatures vanquished.

Notes
Turn   | Place    | Note
-------+----------+-------------------------------------------
     0 | D:1      | letownia2 the Deep Dwarf Necromancer began the quest for the Orb.
     0 | D:1      | Reached XP level 1. HP: 15/15 MP: 3/3
    53 | D:2      | Noticed Jessica
    97 | D:2      | Killed Jessica
    97 | D:2      | Reached XP level 2. HP: 22/22 MP: 0/5
   170 | D:2      | Reached XP level 3. HP: 28/28 MP: 2/6
   242 | D:2      | Noticed Sigmund
   248 | D:2      | Learned a level 3 spell: Vampiric Draining
   317 | D:3      | Reached skill level 5 in Necromancy
   737 | D:4      | Reached XP level 4. HP: 30/36 MP: 1/8
   963 | D:4      | Found a deep blue altar of Sif Muna.
  1010 | D:4      | Reached XP level 5. HP: 37/42 MP: 3/10
  1015 | D:4      | Reached skill level 6 in Necromancy
  1514 | D:5      | Entered Level 5 of the Dungeon
  1559 | D:5      | Reached XP level 6. HP: 39/49 MP: 3/11
  1628 | D:5      | Noticed an ice beast
  1633 | D:5      | Killed an ice beast
  1796 | D:5      | Reached skill level 7 in Necromancy
  2111 | D:5      | Noticed a water moccasin
  2119 | D:5      | Killed a water moccasin
  2119 | D:5      | Reached XP level 7. HP: 50/55 MP: 4/13
  2431 | D:6      | Found a staircase to the Ecumenical Temple.
  2450 | D:6      | Reached skill level 5 in Spellcasting
  2528 | Temple   | Entered the Ecumenical Temple
  2559 | Temple   | Reached skill level 8 in Necromancy
  2687 | D:6      | Found Ymasoll's Magic Scroll Emporium.
  2743 | D:6      | Found a white marble altar of Elyvilon.
  2783 | D:6      | Found a sand-covered staircase.
  2808 | Ossuary  | Entered an ossuary
  2808 | Ossuary  | Noticed a wraith
  2808 | Ossuary  | Noticed a wraith
  2808 | Ossuary  | Noticed a wraith
  2813 | Ossuary  | Learned a level 3 spell: Conjure Flame
  2932 | Ossuary  | Noticed a wraith
  2966 | Ossuary  | HP: 1/55 [wraith (5)]
  2967 | Ossuary  | Mangled by a wraith

Skill      XL: |  1  2  3  4  5  6  7 |
---------------+----------------------+-----
Spellcasting   | 2 3 4 5 |  5.3
Necromancy     | 5 6 7 8 |  8.1
Dodging        | |  2.1
Stealth        | |  2.4
Fire Magic     | |  0.1

Action                   |  1- 3 |  4- 6 |  7- 9 || total
-------------------------+-------+-------+-------++-------
Melee: Dagger            |       |    46 |    87 ||   133
Throw: Javelin           |     2 |     3 |     7 ||    12
 Cast: Pain              |    25 |    49 |    14 ||    88
       Vampiric Draining |       |     9 |    11 ||    20
       Conjure Flame     |       |       |     1 ||     1
  Use: Potion            |       |       |     2 ||     2
 Stab: Sleeping          |       |       |     2 ||     2
  Eat: Chunk             |       |     5 |    10 ||    15
Armor: Robe              |     2 |     2 |       ||     4
       Leather armour    |       |     5 |    25 ||    30
Dodge: Dodged            |     2 |    48 |    77 ||   127
